 Dungeon Crawl Stone Soup version 0.22-a0-374-g5dfd9e3 (webtiles) character file.

100 JeffiDaFish the Chiller (level 4, 0/33 HPs)
             Began as a Draconian Ice Elementalist on Apr 26, 2018.
             Was a Follower of Vehumet.
             Killed by nerve-wracking pain
             ... invoked by Grinder
              (14 damage)
             ... on level 3 of the Dungeon.
             The game lasted 00:08:19 (2261 turns).

JeffiDaFish the Chiller (DrIE)                      Turns: 2261, Time: 00:08:19

Health: 0/33       AC:  9    Str: 11    XL:     4   Next: 46%
Magic:  1/9        EV: 12    Int: 16    God:    Vehumet [*.....]
Gold:   124        SH:  0    Dex: 11    Spells: 5/9 levels left

rFire    . . .     SeeInvis .   a - +0 whip
rCold    . . .     Gourm    .   (no shield)
rNeg     . . .     Faith    .   (armour unavailable)
rPois    .         Spirit   .   (helmet restricted)
rElec    .         Reflect  .   d - +0 cloak
rCorr    .         Harm     .   e - +2 pair of gloves
MR       +....                  (no boots)
Stlth    ++........             (no amulet)
HPRegen  0.11/turn              (no ring)
MPRegen  0.11/turn              (no ring)

@: no status effects
A: unfitting armour, beak, horns 1, magic resistance 1, cold-blooded, AC +5
a: Renounce Religion


You were on level 3 of the Dungeon.
You worshipped Vehumet.
Vehumet was aware of your devotion.
You were not hungry.

You visited 1 branch of the dungeon, and saw 3 of its levels.

You collected 124 gold pieces.

Inventory:

Hand Weapons
 a - a +0 whip (weapon)
Armour
 d - a +0 cloak (worn)
 e - a +2 pair of gloves (worn)
Wands
 h - a wand of disintegration (17)
Scrolls
 c - 3 scrolls of teleportation
 f - a scroll of remove curse
Comestibles
 b - 2 rations
 g - 2 chunks of flesh


   Skills:
 - Level 2.0 Dodging
 - Level 1.7 Stealth
 + Level 3.3 Spellcasting
   Level 1.0 Conjurations
 + Level 4.2 Ice Magic


You had 5 spell levels left.
You knew the following spells:

 Your Spells              Type           Power        Failure   Level  Hunger
a - Freeze                Ice            ###.         3%          1    None
b - Ozocubu's Armour      Chrm/Ice       #.......     22%         3    ###....


Dungeon Overview and Level Annotations

Branches:
Dungeon (3/15)

Altars:
Vehumet

Annotations:
D:3 Grinder


Innate Abilities, Weirdness & Mutations

Your plain brown scales are hard. (AC +5)
You cannot fit into any form of body armour.
You are cold-blooded and may be slowed by cold attacks.
You have a beak for a mouth.
You have a pair of small horns on your head.
You are resistant to hostile enchantments. (MR+)


Message History

The leopard gecko is severely wounded.
Grinder gestures at you.
You easily resist.
The leopard gecko barely misses you.
You hit the leopard gecko.
You kill the leopard gecko!
Vehumet accepts your kill.
Grinder blinks!
You see here a ration.
Grinder gestures at you. Pain shoots through your body!
Casting: Freeze (safe; 3% risk of failure)
Confirm with . or Enter, or press ? or * to list all spells.
Aiming: Freeze (safe; 3% risk of failure)
Press: ? - help, Shift-Dir - straight line, f - Grinder
Aim: Grinder You freeze Grinder.
Grinder resists.
Grinder is lightly wounded.
Grinder gestures at you. Pain shoots through your body!
You die...

#...#####)##.....#.# #...
#)##.#..... #...
#)##.#..##.# #...
#..).......######. #...
####.######.......
###...#######...............
..................##........
.....$........5.............
........%....##@..##........
###...#########..###........
#.. #..# #........ #.
#......####### # ##.#####
#.# #.# .# ..


You could see Grinder.

Vanquished Creatures
  Robin (D:3)
  2 adders
  A worm (D:2)
  2 dart slugs
  3 leopard geckos
  An orc (D:3)
  3 giant cockroaches
  13 goblins
  11 hobgoblins
  3 kobolds
  2 quokkas
  A ball python (D:2)
  3 bats
  7 frilled lizards
  2 rats
55 creatures vanquished.

Notes
Turn   | Place    | Note
-------+----------+-------------------------------------------
     0 | D:1      | JeffiDaFish the Draconian Ice Elementalist began the quest for the Orb.
     0 | D:1      | Reached XP level 1. HP: 14/14 MP: 3/3
   305 | D:1      | Reached XP level 2. HP: 14/20 MP: 0/5
   963 | D:2      | Found a faded altar of an unknown god.
  1009 | D:2      | Reached XP level 3. HP: 26/26 MP: 2/6
  1218 | D:2      | Learned a level 3 spell: Ozocubu's Armour
  1270 | D:2      | Found a radiant altar of Vehumet.
  1278 | D:2      | Became a worshipper of Vehumet
  1944 | D:3      | Noticed Robin
  1954 | D:3      | Reached skill level 4 in Ice Magic
  1958 | D:3      | Reached XP level 4. HP: 29/33 MP: 1/8
  1977 | D:3      | Killed Robin
  1995 | D:3      | Reached * piety under Vehumet
  1995 | D:3      | Offered knowledge of Sting by Vehumet.
  2223 | D:3      | Gained mutation: You have a beak for a mouth. [potion of mutation]
  2223 | D:3      | Gained mutation: You are resistant to hostile enchantments. (MR+) [potion of mutation]
  2223 | D:3      | Gained mutation: You have a pair of small horns on your head. [potion of mutation]
  2232 | D:3      | Noticed Grinder
  2261 | D:3      | Killed from afar by Grinder

Vault maps used:
D:1:      dpeg_arrival_pond, minmay_surrounded
D:2:      vehumet_crystals, chequers_ecumenical_altar_simple_redux
D:3:      uniq_robin, uniq_grinder, uniq_sigmund

Skill      XL: |  1  2  3 |
---------------+----------+-----
Dodging        | 2 |  2.0
Spellcasting   | 3 |  3.3
Ice Magic      | 4 |  4.2
Stealth        | |  1.7
Conjurations   | |  1.0

Action                   |  1- 3 |  4- 6 || total
-------------------------+-------+-------++-------
Melee: Whip              |    65 |    44 ||   109
       Tailslap          |     3 |     4 ||     7
 Cast: Freeze            |    56 |    20 ||    76
       Ozocubu's Armour  |     2 |     1 ||     3
  Use: Scroll            |     5 |       ||     5
       Potion            |     2 |     1 ||     3
 Stab: Sleeping          |     1 |       ||     1
  Eat: Chunk             |     4 |     1 ||     5
Armor: Skin              |    41 |    15 ||    56
Dodge: Dodged            |    70 |    36 ||   106

Table legend:
 A = Spawn XP
 B = Non-spawn XP
 C = Spawn XP percentage of total XP
 D = Spawn monster count
 E = Non-spawn monster count
 F = Spawn count percentage of total count
 G = Total turns spent on level
                    A         B        C        D         E        F      G
               +---------+---------+-------+---------+---------+-------+---------
         Total |       0 |     143 |   0.0 |       0 |      55 |   0.0 |  2261
               +---------+---------+-------+---------+---------+-------+---------
           D:1 |       0 |      18 |   0.0 |       0 |      11 |   0.0 |   803
           D:2 |       0 |      62 |   0.0 |       0 |      26 |   0.0 |  1053
           D:3 |       0 |      63 |   0.0 |       0 |      18 |   0.0 |   405
               +---------+---------+-------+---------+---------+-------+---------
